 Dungeon Crawl Stone Soup version 0.26.0-3-g156281e41b (webtiles) character file.

Game seed: 206243899601157476

26 lastplaneout the Covert (level 2, 0/16 HPs)
             Began as a Spriggan Delver on Jan 9, 2021.
             Slain by an adder (3 damage)
             ... on level 2 of the Dungeon.
             The game lasted 00:02:55 (508 turns).

lastplaneout the Covert (Spriggan Delver)            Turns: 508, Time: 00:02:55

Health: 0/16       AC:  2    Str:  8    XL:     2   Next: 89%
Magic:  3/3        EV: 18    Int: 11    God:
Gold:   61         SH:  0    Dex: 17    Spells: 1/1 levels left

rFire    . . .     SeeInvis +   a - +0 short sword
rCold    . . .     Faith    .   (shield restricted)
rNeg     . . .     Spirit   .   b - +0 robe
rPois    .         Reflect  .   (helmet restricted)
rElec    .         Harm     .   (no cloak)
rCorr    .         Rampage  .   (gloves unavailable)
Will     .....                  (boots unavailable)
Stlth    ++++......             (no amulet)
HPRegen  0.05/turn              (no ring)
MPRegen  0.08/turn              (no ring)

@: very quick
A: very small, unfitting armour, see invisible, speed 3
a: no special abilities


You were on level 2 of the Dungeon.
You visited 1 branch of the dungeon, and saw 4 of its levels.

You collected 61 gold pieces.

Inventory:

Hand Weapons
 a - a +0 short sword (weapon)
Armour
 b - a +0 robe (worn)
Jewellery
 l - an uncursed ring of see invisible {unknown}
Wands
 g - a wand of digging (3)
 i - a wand of iceblast (5)
Scrolls
 c - 2 scrolls of fog
 d - a scroll of magic mapping
 e - a scroll of fear
 h - a scroll of teleportation {unknown}
 k - a scroll of amnesia {unknown}
Potions
 f - a potion of haste
 j - 2 potions of flight {unknown}


   Skills:
 + Level 2.5 Fighting
 + Level 2.2 Short Blades
 + Level 3.1 Dodging
 + Level 8.3 Stealth


You had one spell level left.
You didn't know any spells.
Your spell library was empty.

Dungeon Overview and Level Annotations

Branches:
Dungeon (5/15)             Temple (0/1) D:4

Altars:
Cheibriados
Xom

Annotations:
D:2 Natasha


Innate Abilities, Weirdness & Mutations

You are very small and have problems with some larger weapons.
You are too small for most types of armour.
You have supernaturally acute eyesight. (SInv)
You cover ground extremely quickly.


Message History

The adder hisses angrily.
You completely miss the adder. The adder misses you.
The adder barely misses you.
You hit the adder.
The adder is lightly wounded.
The adder closely misses you.
You hit the adder.
The adder is heavily wounded.
The adder bites you.
* * * LOW HITPOINT WARNING * * *
You hit the adder.
The adder is heavily wounded.
The adder closely misses you.
You miss the adder.
The adder is heavily wounded.
The adder misses you. The adder barely misses you. The adder misses you.
You hit the adder.
The adder is almost dead.
The adder closely misses you. The adder bites you.
You die...

.# ####.######
..........
########.........
#.....S.)........
#.######..#..###
#.# ##.#.#####
#S# ####.......##
#@# #........r...
#S# #.##.#.###.##
#.# # .)....[....
#.# #..#.........
#.# #..#...#.....
.#. #. ........#.
# # #............
.$........!#.
.........>


You could see 2 adders.

Vanquished Creatures
  2 adders
  A worm (D:5)
  A goblin (D:3)
  A kobold (D:2)
  A quokka (D:3)
  A frilled lizard (D:4)
7 creatures vanquished.

Notes
Turn   | Place    | Note
-------+----------+-------------------------------------------
     0 | D:5      | lastplaneout the Spriggan Delver began the quest for the
                  | Orb.
     0 | D:5      | Reached XP level 1. HP: 11/11 MP: 2/2
    29 | D:5      | Found a shimmering altar of Xom.
    44 | D:5      | Found a snail-covered altar of Cheibriados.
   110 | D:5      | Reached XP level 2. HP: 16/16 MP: 3/3
   172 | D:4      | Reached skill level 8 in Stealth
   198 | D:4      | Found a staircase to the Ecumenical Temple.
   443 | D:2      | Noticed Natasha
   508 | D:2      | Slain by an adder

Illustrated notes

Levels and vault maps discovered:
D:2:      layout_loops_ring, elyvilon_altar_1, dancing_weapons_uskayaw,
          uniq_natasha, uniq_sigmund, uniq_crazy_yiuf_cottage
D:3:      layout_basic, uniq_grinder
D:4:      kennysheep_the_goblin_king, layout_loops_cross,
          minmay_temple_entry_sparse_star
D:5:      layout_rooms, chequers_temple_overflow_statue_of_worship,
          gammafunk_ghost_cemetery

Skill      XL: |  1  2 |
---------------+-------+-----
Stealth        | 8 |  8.3
Fighting       | |  2.5
Short Blades   | |  2.2
Dodging        | |  3.1

Action                   || total
-------------------------++-------
Melee: Short sword       ||    33
 Stab: Sleeping          ||     3
Armor: Robe              ||     1
Dodge: Dodged            ||    33
